 Dungeon Crawl Stone Soup version 0.18.0-1-g0107ab7 (webtiles) character file.

4923 Jerry the Blocker (level 10, -1/70 HPs)
             Began as a Formicid Fighter on May 5, 2016.
             Was a Believer of the Shining One.
             Killed from afar by an electric eel (10 damage)
             ... with a bolt of electricity
             ... on level 9 of the Dungeon on May 6, 2016.
             The game lasted 00:46:20 (8529 turns).

Jerry the Blocker (Formicid Fighter)                Turns: 8529, Time: 00:46:23

Health: -1/70      AC: 18    Str: 22    XL:     10   Next: 81%
Magic:  10/10      EV:  8    Int:  7    God:    the Shining One [**....]
Gold:   491        SH: 13    Dex: 11    Spells: 0 memorised, 9 levels left

rFire  . . .     SeeInvis +     A - +1 dire flail
rCold  . . .     Gourm    .     i - +3 chain mail
rNeg   + . .     Faith    .     c - +1 shield
rPois  .         Spirit   .     (helmet unavailable)
rElec  .         Dismiss  .     B - +0 cloak
rCorr  .         Reflect  .     n - +1 pair of gloves
SustAt .         Harm     .     s - +2 pair of boots {run}
MR     +....                    (no amulet)
Stlth  ..........               G - ring of stealth
                                j - ring of stealth

@: glowing, quick, somewhat resistant to hostile enchantments, extremely
unstealthy
A: permanent stasis, dig shafts and tunnels, four strong arms, antennae 3,
deformed body, dopey 1, wild magic 1
a: Dig, Shaft Self, Divine Shield, Renounce Religion


You were on level 9 of the Dungeon.
You worshipped the Shining One.
The Shining One was pleased with you.
You were not hungry.

You visited 2 branches of the dungeon, and saw 10 of its levels.

You collected 491 gold pieces.

Inventory:

Hand Weapons
 A - a +1 dire flail (weapon)
Missiles
 g - 8 tomahawks (quivered)
Armour
 c - a +1 shield (worn)
 i - a +3 chain mail (worn)
 n - a +1 pair of gloves (worn)
 s - a +2 pair of boots of running (worn)
 B - a +0 cloak (worn)
Jewellery
 j - a ring of stealth (left hand)
 q - an uncursed ring of resist corrosion
 G - a ring of stealth (right hand)
Wands
 d - a wand of acid (8/15)
 r - a wand of heal wounds (8/9)
 y - a wand of enslavement (6/24)
 J - a wand of lightning (11/15)
Scrolls
 a - a scroll of recharging
 e - 2 scrolls of identify
 h - 2 scrolls of remove curse
 k - 2 scrolls of enchant armour
 x - a scroll of enchant weapon
 F - a scroll of magic mapping
Potions
 m - a potion of cancellation
 t - 2 potions of curing
 u - 2 potions of heal wounds
 C - a potion of ambrosia
 D - a potion of resistance
Books
 o - a book of the Tempests

   Spells                             Type                      Level
   a - Static Discharge               Conjuration/Air              3
   b - Lightning Bolt                 Conjuration/Air              5
   c - Fireball                       Conjuration/Fire             5
   d - Tornado                        Air                          9
   e - Shatter                        Earth                        9
 H - a book of Ice

   Spells                             Type                      Level
   a - Ice Form                       Ice/Transmutation            4
   b - Metabolic Englaciation         Hexes/Ice                    5
   c - Ozocubu's Refrigeration        Ice                          6
   d - Bolt of Cold                   Conjuration/Ice              6
   e - Freezing Cloud                 Conjuration/Ice/Air          6
   f - Simulacrum                     Ice/Necromancy               6
Comestibles
 b - 3 chunks of flesh
 f - 7 bread rations
 l - 3 fruits
 v - a meat ration
 w - 2 slices of pizza
 z - 7 beef jerkies


   Skills:
 - Level 3.2 Fighting
 + Level 8.9 Maces & Flails
 + Level 10.1 Armour
 + Level 11.1 Shields


You had 9 spell levels left.
You didn't know any spells.

Dungeon Overview and Level Annotations

Branches:
Dungeon (9/15)             Temple (1/1) D:5
   Lair: D:8-11         Orc: D:9-12

Altars:
Ashenzari
Cheibriados
Dithmenos
Elyvilon
Fedhas
Gozag
Kikubaaqudgha
Makhleb
Nemelex Xobeh
Okawaru
Pakellas
Qazlal
Ru
Sif Muna
Trog
Vehumet
Xom
Yredelemnul
Zin
The Shining One


Innate Abilities, Weirdness & Mutations

You are under a permanent stasis effect.
You can dig through walls and to a lower floor.
Your four strong arms can wield two-handed weapons with a shield.
You have a pair of large antennae on your head (SInv).
Armour fits poorly on your strangely shaped body.
You are dopey. (Int -2)
Your spells are a little harder to cast, but a little more powerful.


Message History

You kill the hound!
You block the hound's attack.
The electric eel shoots out a bolt of lightning at you!
The bolt of electricity hits you! The hound bites you but does no damage.
You completely miss the hound. The hound barely misses you.
You impale the hound!!
You kill the hound!
The electric eel shoots out a bolt of lightning at you!
The bolt of electricity hits you!
The electric eel shoots out a bolt of lightning at you!
The bolt of electricity misses the electric eel.
The bolt of electricity hits you!
You can't go down here!
The electric eel shoots out a bolt of lightning at you!
The bolt of electricity hits you!
The electric eel shoots out a bolt of lightning at you!
The bolt of electricity hits you!
* * * LOW HITPOINT WARNING * * *
The bolt of electricity hits you!
You die...

. ..
###############...
.......@†.........
........<.........
..................#
...........####...#
#####......h.......
#.......†.......
+....;;...≈.≈...
#....≈.;≈≈≈.≈..≈
#..≈.≈≈≈≈≈.≈≈≈≈.


You could see a wolf and 3 electric eels.

Vanquished Creatures
  3 yaks (D:6)
  A hungry ghost (D:7)
  2 hippogriffs (D:7)
  A steam dragon (D:8)
  Duvessa (D:7)
  A water moccasin (D:5)
  An ice beast (D:7)
  2 orc warriors
  A necrophage (D:8)
  5 ogres
  3 centaurs
  3 wolves (D:8)
  The ghost of morfei the Sneak, an amateur KoAs (D:3)
  Blork the orc (D:4)
  5 giant frogs
  Dowan (D:7)
  14 killer bees
  4 wights (D:7)
  A howler monkey (D:6)
  3 crimson imps
  5 hounds
  An orc priest (D:8)
  3 jellies (D:6)
  5 orc wizards
  A giant frog skeleton (D:5)
  A gnoll shaman (D:7)
  4 iguanas
  A killer bee zombie (D:8)
  5 worker ants
  A hound zombie (D:6)
  A hound skeleton (D:8)
  6 gnolls (D:7)
  12 adders
  5 shadow imps
  An ooze (D:7)
  An adder zombie (D:6)
  An adder skeleton (D:6)
  2 worms
  3 dart slugs (D:1)
  4 giant geckos
  25 orcs
  2 ball pythons
  4 giant cockroaches
  10 goblins
  8 hobgoblins
  2 jackals (D:3)
  8 kobolds
  2 quokkas
  2 bats
  A giant cockroach zombie (D:5)
  3 giant newts (D:1)
  2 jackal skeletons (D:4)
  13 rats
199 creatures vanquished.

Vanquished Creatures (others)
  An adder skeleton (D:9)
  A jackal (D:9)
2 creatures vanquished.

Grand Total: 201 creatures vanquished

Notes
Turn   | Place    | Note
--------------------------------------------------------------
     0 | D:1      | Jerry the Formicid Fighter began the quest for the Orb.
     0 | D:1      | Reached XP level 1. HP: 18/18 MP: 1/1
    69 | D:1      | Reached XP level 2. HP: 18/24 MP: 2/2
   413 | D:1      | Reached XP level 3. HP: 27/29 MP: 3/3
   435 | D:1      | Reached skill level 4 in Shields
   862 | D:2      | Reached XP level 4. HP: 32/35 MP: 4/4
  1758 | D:3      | Noticed morfei's ghost (amateur KoAs)
  1767 | D:3      | Killed morfei's ghost
  1767 | D:3      | Reached skill level 5 in Shields
  1767 | D:3      | Reached XP level 5. HP: 38/41 MP: 5/5
  2098 | D:3      | Identified a +2 pair of boots of running (You found it on level 3 of the Dungeon)
  2365 | D:4      | Reached XP level 6. HP: 45/47 MP: 6/6
  2464 | D:4      | Reached skill level 5 in Armour
  2747 | D:4      | Noticed Blork the orc
  2760 | D:4      | Killed Blork the orc
  2760 | D:4      | Reached skill level 6 in Shields
  2935 | D:4      | Found a sacrificial altar of Ru.
  2935 | D:4      | Found a deep blue altar of Sif Muna.
  2982 | D:4      | Reached XP level 7. HP: 19/52 MP: 7/7
  3339 | D:5      | Entered Level 5 of the Dungeon
  3603 | D:5      | Noticed a water moccasin
  3622 | D:5      | Killed a water moccasin
  3860 | D:5      | Reached skill level 7 in Shields
  4048 | D:5      | Reached XP level 8. HP: 54/58 MP: 8/8
  4085 | D:5      | Found a staircase to the Ecumenical Temple.
  4091 | Temple   | Entered the Ecumenical Temple
  4188 | Temple   | Became a worshipper of the Shining One
  4933 | D:6      | Reached skill level 5 in Maces & Flails
  5359 | D:6      | Reached skill level 8 in Shields
  5518 | D:6      | Noticed a yak
  5519 | D:6      | Noticed a yak
  5519 | D:6      | Reached * piety under the Shining One
  5527 | D:6      | Killed a yak
  5528 | D:6      | Noticed a yak
  5533 | D:6      | Killed a yak
  5533 | D:6      | Reached XP level 9. HP: 54/64 MP: 9/9
  5547 | D:6      | Reached skill level 9 in Shields
  6416 | D:7      | Noticed Duvessa
  6416 | D:7      | Noticed Dowan
  6458 | D:7      | Killed Duvessa
  6471 | D:7      | Killed Dowan
  6471 | D:7      | Reached skill level 10 in Shields
  6471 | D:7      | Reached XP level 10. HP: 42/70 MP: 10/10
  7774 | D:8      | Reached ** piety under the Shining One
  8059 | D:8      | Reached skill level 11 in Shields
  8070 | D:8      | Reached skill level 10 in Armour
  8308 | D:8      | Gained mutation: Your spells are a little harder to cast, but a little more powerful. [potion of mutation]
  8308 | D:8      | Gained mutation: You are dopey. (Int -2) [potion of mutation]
  8308 | D:8      | Gained mutation: Armour fits poorly on your strangely shaped body. [potion of mutation]
  8529 | D:9      | Killed from afar by an electric eel

Skill      XL: |  1  2  3  4  5  6  7  8  9 10 |
---------------+-------------------------------+-----
Shields        | 4 5 6 7 8 10 11 | 11.1
Maces & Flails | 3 4 5 7 8 |  8.9
Armour         | 4 5 6 7 8 10 | 10.1
Fighting       | |  3.2

Action                   |  1- 3 |  4- 6 |  7- 9 | 10-12 || total
-------------------------+-------+-------+-------+-------++-------
Melee: Flail             |   111 |   213 |   283 |       ||   607
       Dire flail        |       |       |   109 |   210 ||   319
Throw: Tomahawk          |       |     1 |       |       ||     1
Evoke: Wand              |       |       |     1 |       ||     1
  Use: Scroll            |       |     3 |    10 |     8 ||    21
       Potion            |       |     2 |     2 |     1 ||     5
 Stab: Sleeping          |     3 |       |       |       ||     3
  Eat: Chunk             |       |     7 |    11 |     6 ||    24
       Fruit             |       |       |       |     2 ||     2
       Beef jerky        |       |       |       |     1 ||     1
Armor: Scale mail        |    32 |       |       |       ||    32
       Ring mail         |     9 |    85 |    49 |       ||   143
       Chain mail        |       |       |   104 |   134 ||   238
Dodge: Dodged            |    48 |    98 |   116 |    65 ||   327
Block: Shield            |    60 |   111 |   241 |   172 ||   584
